 Dungeon Crawl Stone Soup version 0.30.0-3-ga4e48a9924 (webtiles) character file.

Game seed: 988304184370850753

2 browni3141 the Conjurer (level 1, -1/15 HPs)
             Began as a Ghoul Conjurer on May 7, 2023.
             Slain by a kobold
             ... wielding a +0 whip
              (4 damage)
             ... on level 1 of the Dungeon.
             The game lasted 00:00:12 (59 turns).

browni3141 the Conjurer (Ghoul Conjurer)              Turns: 59, Time: 00:00:12

Health: -1/15      AC:  2    Str: 10    XL:     1   Next: 40%
Magic:  0/2        EV: 11    Int: 13    God:
Gold:   0          SH:  0    Dex:  7    Spells: 2/3 levels left

rFire   . . .        (no weapon)
rCold   + . .        (no shield)
rNeg    + + +        a - +0 robe
rPois   ∞            (no helmet)
rElec   .            (no cloak)
rCorr   .            (no gloves)
SInv    .            (no boots)
Will    .....        (no amulet)
Stlth   ++           (no ring)
HPRegen 0.00/turn    (no ring)
MPRegen 0.08/turn

%: no passive effects
@: inhibited regen
A: claws 1, cold resistance 1, negative energy resistance 3, inhibited
regeneration, torment resistance 2, devour on kill
a: no special abilities


You were on level 1 of the Dungeon.
You visited 1 branch of the dungeon, and saw 1 of its levels.

Inventory:

Armour
 a - a +0 robe (worn)
Potions
 m - a potion of magic


   Skills:
 + Level 0.9 Fighting
 - Level 1.7 Dodging
 - Level 2.1 Stealth
 - Level 1.7 Spellcasting
 - Level 3.2 Conjurations


You had 2 spell levels left.
You knew the following spells:

 Your Spells              Type           Power      Damage    Failure   Level
a - Magic Dart            Conj           36%        1d4       7%          1

Your spell library contained the following spells:

 Spells                   Type           Power      Damage    Failure   Level
 Searing Ray              Conj           18%        2d5       11%         2
 Dazzling Flash           Conj/Hex       10%        N/A       38%         3
 Fulminant Prism          Conj/Hex       2%         3d5       80%         4
 Iskenderun's Mystic Bla  Conj/Tloc      5%         2d3       80%         4


Dungeon Overview and Level Annotations

Branches:
Dungeon (1/15)

Altars:


Innate Abilities, Weirdness & Mutations

You are immune to poison.
You have sharp fingernails.
Your flesh is cold resistant. (rC+)
You are immune to negative energy. (rN+++)
You do not regenerate when monsters are visible.
You are immune to unholy pain and torment.
You thrive by killing the living.


Message History

Welcome, browni3141 the Ghoul Conjurer.
You feel drawn to the Orb of Zot, downwards into the unfathomable depths...
Press ? for a list of commands and other information.
Found a staircase leading out of the dungeon.
Setting a skill training target for Polearms at 14.0.
Setting a skill training target for Armour at 7.0.
Setting a skill training target for Shields at 5.0.
Setting a skill training target for Stealth at 2.0.
Setting a skill training target for Spellcasting at 3.0.
Setting a skill training target for Conjurations at 7.0.
Setting a skill training target for Summonings at 16.0.
Setting a skill training target for Necromancy at 10.0.
Setting a skill training target for Fire Magic at 6.0.
Setting a skill training target for Earth Magic at 10.0.
Setting a skill training target for Invocations at 14.0.
Setting a skill training target for Evocations at 10.0.
Setting a skill training target for Throwing at 2.0.
Found a stone staircase leading down.
A hobgoblin comes into view.
The hobgoblin shouts!
A hobgoblin is nearby!
A rat comes into view.
The hobgoblin hits you.
You scratch the hobgoblin but do no damage.
A rat comes into view.
The hobgoblin barely misses you.
You scratch the hobgoblin.
The hobgoblin is almost dead.
The hobgoblin barely misses you.
You barely miss the hobgoblin.
The hobgoblin is almost dead.
A kobold comes into view. It is wielding a +0 whip.
The hobgoblin closely misses you.
The kobold shouts!
You scratch the hobgoblin.
You kill the hobgoblin!
Training target 2.0 for Stealth reached!
You scratch the rat.
You kill the rat!
You feel better.
You closely miss the rat.
The rat twitches its whiskers.
The rat misses you.
You scratch the rat but do no damage. The rat completely misses you.
You scratch the rat but do no damage. The rat bites you.
You scratch the rat but do no damage. The rat bites you.
You barely miss the rat. The rat barely misses you.
You barely miss the rat. The rat bites you.
You closely miss the rat. The rat bites you.
You scratch the rat but do no damage. The rat closely misses you.
You are too injured to fight recklessly!
You closely miss the rat. The rat bites you.
You scratch the rat but do no damage. The rat misses you.
You are too injured to fight recklessly!
You are too injured to fight recklessly!
You are too injured to fight recklessly!
Aiming: Magic Dart (safe; 7% risk of failure)
Press: ? - help, Q - select action Shift-Dir - straight line, f - rat
Aim: a rat (100% to hit)
The magic dart hits the rat.
The rat is moderately wounded.
The rat closely misses you.
Aiming: Magic Dart (safe; 7% risk of failure)
Press: ? - help, Q - select action Shift-Dir - straight line, f/p - rat
Aim: a rat (moderately wounded, 100% to hit)
The magic dart hits the rat.
The rat is severely wounded.
The rat bites you but does no damage.
You scratch the rat.
You kill the rat!
You feel better.
You don't have enough magic to cast this spell.
You don't have enough magic to cast this spell.
You barely miss the kobold. The kobold barely misses you.
You closely miss the kobold. The kobold misses you.
You miss the kobold. The kobold hits you with a +0 whip.
* * * LOW HITPOINT WARNING * * *
You closely miss the kobold. The kobold closely misses you.
You don't have enough magic to cast this spell.
Unknown command.
You scratch the kobold.
The kobold is severely wounded.
The kobold hits you with a +0 whip.
* * * LOW HITPOINT WARNING * * *
You scratch the kobold but do no damage.
The kobold is severely wounded.
The kobold hits you with a +0 whip.
You die...

#.............#
#.#####.#####.#
#.#≈≈≈#.#≈≈≈#.#
#.#≈≈≈#.#≈≈≈#.#
#.#S≈≈#.#≈≈S#.#
#.#####.#####.#
#.............#
..##.#######.#########.##
......†.K@........>###.#
..#####.########.#.....#
#.# #####...##### #.#
#.......# #.# #.#####.#
..# #.# ... #.# ... #.#
..#


You could see a kobold.

Vanquished Creatures
  A hobgoblin (D:1)
  2 rats (D:1)
3 creatures vanquished.

Notes
Turn   | Place    | Note
-------+----------+-------------------------------------------
     0 | D:1      | browni3141 the Ghoul Conjurer began the quest for the Orb.
     0 | D:1      | Reached XP level 1. HP: 14/14 MP: 2/2
     3 | D:1      | Noticed an electric eel
     4 | D:1      | Noticed an electric eel
    59 | D:1      | Slain by a kobold

Illustrated notes

Levels and vault maps discovered:
D:1:      arrival_aquarium_b, layout_basic, solitary_fountain

Action                     || total
---------------------------++-------
  Melee: Unarmed           ||    22
   Cast: Magic Dart        ||     2
 Armour: Robe              ||     1
  Dodge: Dodged            ||    12
